 Dungeon Crawl Stone Soup version 0.31-a0-267-g3fc6992b3b (webtiles) character file.

Game seed: 3019236678706436330

94 qw the Shooter (level 4, 0/26 HPs)
             Began as a Gargoyle Hexslinger on July 14, 2023.
             Slain by a rat (1 damage)
             ... on level 2 of the Dungeon.
             The game lasted 00:00:35 (1371 turns).

qw the Shooter (Gargoyle Hexslinger)                Turns: 1371, Time: 00:00:36

Health: 0/26       AC:  6    Str: 11    XL:     4   Next: 63%
Magic:  5/5        EV: 12    Int: 14    God:
Gold:   116        SH:  0    Dex: 14    Spells: 4/5 levels left

rFire   . . .        Y - +1 sling
rCold   . . .        (no shield)
rNeg    + + .        c - +0 robe
rPois   inf          a - +0 helmet
rElec   +            (no cloak)
rCorr   .            (no gloves)
SInv    .            (no boots)
Will    .....        (no amulet)
Stlth   +            e - ring of positive energy
HPRegen 0.24/turn    (no ring)
MPRegen 0.09/turn

%: no passive effects
@: no status effects
A: sickness immunity, AC +3, negative energy resistance 1, electricity
resistance, torment resistance 1, petrification resistance
a: no special abilities


You were on level 2 of the Dungeon.
You visited 1 branch of the dungeon, and saw 3 of its levels.

You collected 116 gold pieces.


Innate Abilities, Weirdness & Mutations

You are immune to sickness and miasma.
Your stone body is resilient. (AC +3)
You are immune to poison.
You resist negative energy. (rN+)
You are resistant to electric shocks. (rElec)
You are resistant to unholy torment.
You are immune to petrification.


   Skills:
 - Level 2.0 Fighting
 + Level 4.4 Ranged Weapons
 - Level 1.5 Dodging
 - Level 1.0 Spellcasting
 - Level 2.6 Hexes


You had 4 spell levels left.
You knew the following spells:

 Your Spells              Type           Power      Damage    Failure   Level
a - Slow                  Hex            32%        N/A       9%          1

Your spell library contained the following spells:

 Spells                   Type           Power      Damage    Failure   Level
 Inner Flame              Hex/Fire       4%         N/A       41%         3
 Portal Projectile        Hex/Tloc       8%         N/A       41%         3
 Cause Fear               Hex            4%         N/A       65%         4

Inventory:

Hand Weapons
 Y - a +1 sling (weapon)
Armour
 a - a +0 helmet (worn)
 c - a +0 robe (worn)
Jewellery
 e - a ring of positive energy (left hand)
Potions
 b - a potion of might {unknown}
 g - a potion of enlightenment {unknown}
 h - a potion of degeneration {unknown}

Dungeon Overview and Level Annotations

Branches:
Dungeon (3/15)

Altars:

Shops:
D:1 (


Message History

The rat misses you.
1365 ||| STAIRDANCE The bat barely misses you.
The orc priest mumbles some strange prayers to Beogh against you.
You are unaffected.
The bat completely misses you. The rat closely misses you.
You climb upwards.
There is a stone staircase leading down here.
Enter note:
Enter note:
Enter note:
Enter note:
Enter note:
Enter note: You shoot a sling bullet.
The sling bullet barely misses the giant cockroach.
The bat barely misses you. The giant cockroach bites you. The bat misses you.
The rat bites you but does no damage.
The orc priest calls down the wrath of Beogh upon you.
Beogh smites you!
Ouch! That really hurt!
You shoot a sling bullet.
The sling bullet hits the giant cockroach.
You kill the giant cockroach!
The bat hits you but does no damage. x2
The orc priest hits you but does no damage.
The rat bites you but does no damage.
You shoot a sling bullet.
The sling bullet closely misses the orc priest.
The bat hits you. The rat barely misses you. The orc priest barely misses you.
You shoot a sling bullet. The sling bullet hits the orc priest.
The orc priest is lightly wounded.
The bat closely misses you. The rat barely misses you.
The orc priest hits you with a +0 short sword.
The bat completely misses you.
You shoot a sling bullet.
The sling bullet barely misses the orc priest.
The bat hits you but does no damage.
The orc priest hits you with a +0 short sword.
The rat bites you.
You die...

####### ######## #.....# #......#
########.###.#
#.####b###..........#.#
#.#..or.........#.#....
#.#..#@########.#.....#
###########.#..#%# #.....#.###
...............#.######.#.#.#.##.
#####..................(......##.
# #.###......##.#####.....#.##.
#####.# #.#.#..##...###.....#.##.
......# #.#.#..##.#..............
#####.# #.#.#..##)#####.....#####
#.###.........# #....## #


You could see an orc priest, a bat and a rat.

Vanquished Creatures
  Jessica (D:2)
  2 adders (D:2)
  5 dart slugs
  4 bats
  4 endoplasms
  A giant cockroach (D:2)
  6 goblins
  3 hobgoblins
  2 jackals (D:1)
  3 kobolds
  2 quokkas
  4 frilled lizards
  3 rats
40 creatures vanquished.

Notes
Turn   | Place    | Note
-------+----------+-------------------------------------------
     0 | D:1      | qw the Gargoyle Hexslinger began the quest for the Orb.
     0 | D:1      | Reached XP level 1. HP: 12/12 MP: 2/2
     0 | D:1      | 0 ||| qw: Version: 0.3-a-52-g30416fa
     0 | D:1      | 0 ||| qw: Game counter: 7910
     0 | D:1      | 0 ||| qw: Melee chars always use a shield: true
     0 | D:1      | 0 ||| qw: God list: Okawaru
     0 | D:1      | 0 ||| qw: Allow faded altars: false
     0 | D:1      | 0 ||| qw: Do Orc after clearing Dungeon:15 true
     0 | D:1      | 0 ||| qw: Do second Lair branch before Depths: true
     0 | D:1      | 0 ||| qw: Lair rune preference: random
     0 | D:1      | 0 ||| qw: Goals: Normal
     0 | D:1      | 0 ||| PLANNING D:1-11
   120 | D:1      | Reached XP level 2. HP: 16/16 MP: 3/3
   209 | D:1      | Reached skill level 3 in Ranged Weapons
   399 | D:1      | Found Uhauv's Weapon Boutique.
   433 | D:1      | Reached XP level 3. HP: 21/21 MP: 4/4
   753 | D:1      | 753 ||| UPGRADING to ring of positive energy.
   754 | D:1      | 754 ||| READING scroll labelled VIJYRGH LAASSECW.
   755 | D:1      | 755 ||| READING scroll labelled OBUCVAEHYM.
   756 | D:1      | 756 ||| DROPPING scroll of poison.
  1010 | D:2      | 1010 ||| FLEEEEING.
  1042 | D:2      | Noticed Jessica
  1045 | D:2      | Killed Jessica
  1046 | D:2      | Reached skill level 4 in Ranged Weapons
  1046 | D:2      | Reached XP level 4. HP: 26/26 MP: 5/5
  1336 | D:2      | 1336 ||| UPGRADING to +0 helmet.
  1341 | D:2      | 1341 ||| READING scroll labelled SOUKHY SIOLEPA.
  1360 | D:3      | 1360 ||| PLANNING SEWER
  1365 | D:3      | 1365 ||| STAIRDANCE
  1370 | D:2      | HP: 3/26 [orc priest/+0 short sword (4)]
  1371 | D:2      | HP: 1/26 [orc priest/+0 short sword (2)]
  1371 | D:2      | Slain by a rat

Levels and vault maps discovered:
D:1:      evilmike_arrival_crescent, layout_basic, serial_shops,
          nicolae_shop_advertising_works [nicolae_subvault_shop_adworks]
D:2:      layout_loops_ring, uniq_jessica
D:3:      layout_rooms, gup_sewer_entry_bubbles, minmay_stone_trees_large

Skill      XL: |  1  2  3 |
---------------+----------+-----
Ranged Weapons | 3 4 |  4.4
Fighting       | 2 |  2.0
Dodging        | |  1.5
Spellcasting   | |  1.0
Hexes          | |  2.6

Action                     |  1- 3 |  4- 6 || total
---------------------------+-------+-------++-------
   Fire: Sling             |   109 |    40 ||   149
    Use: Scroll            |     2 |     1 ||     3
 Armour: Robe              |    19 |    19 ||    38
  Dodge: Dodged            |    41 |    27 ||    68

Table legend:
 A = Non-vault XP
 B = Vault XP
 C = Vault XP percentage of total XP
 D = Non-vault monster count
 E = Vault monster count
 F = Vault count percentage of total count
                 A         B        C        D         E       F
            +---------+---------+-------+---------+---------+-------
      Total |      98 |      37 |  27.4 |      39 |       1 |   2.5
            +---------+---------+-------+---------+---------+-------
        D:1 |      42 |       0 |   0.0 |      22 |       0 |   0.0
        D:2 |      56 |      37 |  39.8 |      17 |       1 |   5.6
            +---------+---------+-------+---------+---------+-------
